 Dungeon Crawl Stone Soup version 0.23.2 (webtiles) character file.

Game seed: 16653223139592629257

33750 Fang the Fighter (level 13, -1/130 HPs)
             Began as a Gargoyle Berserker on Apr 4, 2019.
             Was a High Priest of Trog.
             Slain by a swamp worm (3 damage)
             ... on level 4 of the Lair of Beasts.
             The game lasted 00:25:04 (15629 turns).

Fang the Fighter (Gargoyle Berserker)              Turns: 15629, Time: 00:25:04

Health: -1/130     AC: 34    Str: 30    XL:     13   Next: 73%
Magic:  13/13      EV: 13    Int:  9    God:    Trog [*****.]
Gold:   1547       SH:  0    Dex: 12    Spells: 12/12 levels left

rFire    + . .     SeeInvis .   K - +4 battleaxe of Gargoyle's Foe {chop, rF+ Dex+3}
rCold    . . .     Gourm    .   (shield currently unavailable)
rNeg     + + .     Faith    .   b - +0 plate armour
rPois    ∞         Spirit   .   f - +2 hat
rElec    +         Reflect  .   H - +2 cloak {+Inv}
rCorr    .         Harm     .   x - +2 pair of gloves
MR       .....                  (no boots)
Stlth    ..........             d - amulet of regeneration
HPRegen  0.71/turn              D - ring of positive energy
MPRegen  0.13/turn              (no ring)

@: berserking (expiring), slow
A: negative energy resistance 1, electricity resistance, unbreathing,
petrification resistance, rot immunity, AC +9
a: Berserk, Trog's Hand, Brothers in Arms, Renounce Religion, Evoke Invisibility


You were on level 4 of the Lair of Beasts.
You worshipped Trog.
Trog was extremely pleased with you.
You were near starving.

You visited 4 branches of the dungeon, and saw 18 of its levels.

You collected 1547 gold pieces.

Inventory:

Hand Weapons
 a - a +2 war axe
 K - the +4 battleaxe of Gargoyle's Foe (weapon) {chop, rF+ Dex+3}
   (Trog gifted it to you on level 6 of the Lair of Beasts)

   It inflicts extra damage upon your enemies.
   It affects your dexterity (+3).
   It protects you from fire.
 M - a +1 antimagic battleaxe
Armour
 b - a +0 plate armour (worn)
 e - a scarf of resistance
 f - a +2 hat (worn)
 x - a +2 pair of gloves (worn)
 H - a +2 cloak of invisibility (worn)
Jewellery
 d - an amulet of regeneration (around neck)
 D - a ring of positive energy (left hand)
 I - the ring "Uretzaot" {Ice -Tele rPois Dex+2 Slay+2}
   (You found it on level 2 of the Lair of Beasts)

   [ring of ice]

   It enhances your ice magic.
   It affects your dexterity (+2).
   It affects your accuracy and damage with ranged weapons and melee attacks
   (+2).
   It makes you vulnerable to fire.
   It protects you from cold.
   It protects you from poison.
   It prevents most forms of teleportation.
Wands
 l - a wand of clouds (8)
 n - a wand of flame (56)
 r - a wand of paralysis (11)
 s - a wand of acid (6)
 y - a wand of scattershot (6)
 B - a wand of polymorph (7)
 C - a wand of random effects (20)
 F - a wand of enslavement (10)
 G - a wand of digging (2)
Scrolls
 h - 8 scrolls of teleportation
 i - 2 scrolls of blinking
 j - 12 scrolls of remove curse
 m - 2 scrolls of fear
 o - a scroll of fog
 v - 3 scrolls of identify
 J - a scroll of magic mapping
 L - a scroll of summoning
Potions
 g - 2 potions of haste
 k - 4 potions of might
 p - 4 potions of flight
 q - 2 potions of resistance
 t - a potion of brilliance
 u - a potion of heal wounds
 w - 4 potions of agility
 z - 4 potions of curing
 A - 2 potions of magic
 E - 2 potions of mutation
Comestibles
 c - 14 rations


   Skills:
 + Level 12.8 Fighting
 + Level 11.0 Axes
 + Level 12.6 Armour
 + Level 10.0 Dodging


You had 12 spell levels left.
You didn't know any spells.
Your spell library was empty.

Dungeon Overview and Level Annotations

Branches:
Dungeon (10/15)            Temple (1/1) D:5            Lair (6/6) D:9
 Spider (0/4) Lair:4        Slime (0/5) Lair:5         Hell (1/1)
  Swamp: Lair:2-4    Shoals: Lair:2-4       Orc: D:9-12         Dis: Hell:1
    Geh: Hell:1         Coc: Hell:1         Tar: Hell:1

Altars:
Cheibriados
Dithmenos
Elyvilon
Fedhas
Kikubaaqudgha
Makhleb
Nemelex Xobeh
Okawaru
Qazlal
Trog
Uskayaw
Wu Jian
Xom
Yredelemnul
The Shining One
Jiyva

Shops:
D:4 *   D:6 =   D:8 %   D:10 !

Portals:
Hell: Lair:6

Annotations:
Hell Geryon


Innate Abilities, Weirdness & Mutations

You are resistant to torment.
Your stone body is resilient. (AC +9)
You are immune to poison.
You resist negative energy. (rN+)
You are resistant to electric shocks. (rElec)
You can survive without breathing.
You are immune to petrification.
You are immune to rotting.


Message History

Your unstable footing causes you to fumble your attack.
The swamp worm bites you but does no damage.
The tyrant leech bites you but does no damage.
The tyrant leech bites you.
* * * LOW HITPOINT WARNING * * *
The swamp worm bites you but does no damage.
You barely miss the tyrant leech.
The tyrant leech is moderately wounded.
Your plate armour prevents you from hitting the swamp worm.
You miss the swamp worm. You slice the tyrant leech!!
The swamp worm barely misses you.
Your unstable footing causes you to fumble your attack.
The swamp worm bites you.
* * * LOW HITPOINT WARNING * * *
The tyrant leech bites you.
* * * LOW HITPOINT WARNING * * *
The swamp worm bites you but does no damage.
The tyrant leech barely misses you. The swamp worm bites you.
You die...

##....P### #.....# ## .
####### #....## . ....#
. ## #... .
##.########≈... .
#........≈≈≈≈ .
#.....≈≈≈≈
#....≈≈≈######
#....≈@≈#≈≈≈≈≈ ...
#....w†w≈w≈≈≈≈ ...
#....w≈w#≈≈≈≈≈ ....
#....≈≈≈#######≈ ≈.#...
#....≈≈≈≈≈≈≈≈≈≈≈≈......
###.....≈≈≈≈≈≈≈......≈≈
##.................≈#
###...............≈≈
#...............≈≈


You could see 2 tyrant leeches and 3 swamp worms.

Vanquished Creatures
  4 hydras
  2 two-headed ogres
  A sixfirhy (Lair:6)
  A wizard (Lair:6)
  5 black mambas
  Maurice (D:10)
  2 orange demons (Lair:6)
  8 spiny frogs
  3 rime drakes
  5 komodo dragons
  An ice devil (Lair:6)
  2 trolls
  A red devil (Lair:6)
  3 polar bears
  A hornet (D:7)
  4 hippogriffs
  18 blink frogs
  Eustachio (D:4)
  A basilisk (Lair:1)
  7 fire bats (Lair:4)
  10 yaks
  4 vampire mosquitoes (D:10)
  2 hungry ghosts
  2 wargs (D:9)
  4 hell hounds (Lair:6)
  4 swamp worms (Lair:4)
  Duvessa (D:7)
  6 porcupines
  The ghost of Urgot the Magician, an amateur SpCj (D:3)
  11 water moccasins
  2 sky beasts
  3 black bears
  4 orc warriors
  5 ice beasts
  3 centaurs
  An ogre (D:4)
  7 crocodiles
  A big kobold (D:10)
  15 bullfrogs
  A gnoll sergeant (D:10)
  Dowan (D:7)
  A wyvern skeleton (D:8)
  3 scorpions
  3 wights (D:10)
  10 killer bees (D:10)
  An electric eel (Lair:5)
  4 howler monkeys
  3 jellies
  9 crimson imps
  2 centaur zombies (D:9)
  A quasit (D:8)
  A bullfrog skeleton (D:9)
  2 centaur skeletons
  10 orc priests
  4 hounds
  An iguana (D:7)
  10 worker ants
  Ijyb (D:5)
  17 orc wizards
  A hound skeleton (D:7)
  A worker ant zombie (D:9)
  Robin (D:3)
  8 gnolls
  A howler monkey skeleton (D:4)
  11 adders
  2 shadow imps
  An adder zombie (D:6)
  8 worms
  2 dart slugs
  4 leopard geckos
  37 orcs
  4 bats
  8 giant cockroaches
  13 goblins
  8 hobgoblins
  4 jackals (D:8)
  10 kobolds
  9 quokkas
  3 ball pythons
  5 frilled lizards
  A jackal zombie (D:6)
  A quokka zombie (D:6)
  7 rats
  3 fungi
  2 plants
397 creatures vanquished.

Vanquished Creatures (collateral kills)
  5 hydras
  A molten gargoyle (Lair:1)
  A black mamba (Lair:1)
  3 spiny frogs (Lair:6)
  A rime drake (Lair:6)
  A komodo dragon (Lair:6)
  A wyvern (Lair:6)
  A hell hound (Lair:6)
  A water moccasin (Lair:6)
  A crocodile (Lair:1)
  A crimson imp (D:5)
  A plant (Lair:1)
18 creatures vanquished.

Vanquished Creatures (others)
  An orc wizard (D:9)
  2 fungi
  4 plants
7 creatures vanquished.

Grand Total: 422 creatures vanquished

Notes
Turn   | Place    | Note
-------+----------+-------------------------------------------
     0 | D:1      | Fang the Gargoyle Berserker began the quest for the Orb.
     0 | D:1      | Reached XP level 1. HP: 14/14 MP: 1/1
   238 | D:1      | Reached XP level 2. HP: 9/19 MP: 2/2
  1008 | D:2      | Reached XP level 3. HP: 22/23 MP: 3/3
  1390 | D:2      | Reached ** piety under Trog
  1700 | D:2      | Reached XP level 4. HP: 24/29 MP: 4/4
  1767 | D:2      | Found an iron altar of Okawaru.
  1806 | D:2      | Found a basalt altar of Yredelemnul.
  2720 | D:3      | Noticed Robin
  2733 | D:3      | Killed Robin
  2733 | D:3      | Reached XP level 5. HP: 33/33 MP: 5/5
  2801 | D:3      | Found an iron altar of Okawaru.
  2986 | D:3      | Found a white marble altar of Elyvilon.
  3064 | D:3      | Reached *** piety under Trog
  3079 | D:3      | Found a large runed translucent door.
  3079 | D:3      | Found a large runed translucent door.
  3090 | D:3      | Found a shimmering altar of Xom.
  3090 | D:3      | Found a shimmering altar of Xom.
  3090 | D:3      | Found a shimmering altar of Xom.
  3091 | D:3      | Found a shimmering altar of Xom.
  3434 | D:3      | Noticed Urgot's ghost (amateur SpCj)
  3460 | D:3      | Reached XP level 6. HP: 39/39 MP: 6/6
  3689 | D:3      | Killed Urgot's ghost
  3742 | D:4      | Found Rinusk's Assorted Antiques.
  3762 | D:4      | Found a glowing golden altar of the Shining One.
  3773 | D:4      | Found a blossoming altar of Fedhas.
  3773 | D:4      | Found an ornate altar of the Wu Jian Council.
  4773 | D:5      | Entered Level 5 of the Dungeon
  4782 | D:5      | Noticed Eustachio
  4786 | D:4      | Reached skill level 5 in Fighting
  4786 | D:4      | Reached XP level 7. HP: 44/44 MP: 7/7
  4807 | D:4      | Killed Eustachio
  4930 | D:5      | Reached skill level 5 in Armour
  5016 | D:5      | Reached XP level 8. HP: 38/51 MP: 8/8
  5078 | D:5      | Found a transporter.
  5080 | D:5      | Noticed a five-headed hydra
  5112 | D:5      | Found a transporter.
  5121 | D:5      | Found a sparkling altar of Nemelex Xobeh.
  5153 | D:5      | Reached skill level 5 in Axes
  5190 | D:5      | Reached **** piety under Trog
  5211 | D:5      | Noticed Ijyb
  5240 | D:5      | Killed Ijyb
  5263 | D:5      | Found a burning altar of Makhleb.
  5263 | D:5      | Found a stormy altar of Qazlal.
  5264 | D:5      | Found a bloodstained altar of Trog.
  5336 | D:5      | Found a staircase to the Ecumenical Temple.
  5443 | Temple   | Entered the Ecumenical Temple
  5491 | D:5      | Killed a seven-headed hydra
  5682 | D:6      | Reached XP level 9. HP: 44/56 MP: 9/9
  6052 | D:6      | Reached skill level 5 in Dodging
  6189 | D:6      | Found a shadowy altar of Dithmenos.
  6266 | D:6      | Found Kishrih's Jewellery Shoppe.
  6518 | D:7      | Found an ancient bone altar of Kikubaaqudgha.
  6519 | D:7      | Noticed Dowan
  6521 | D:7      | Noticed Duvessa
  6532 | D:7      | Killed Duvessa
  6538 | D:7      | Killed Dowan
  7170 | D:7      | Noticed a hornet
  7188 | D:7      | Killed a hornet
  7522 | D:8      | Reached XP level 10. HP: 61/64 MP: 10/10
  7649 | D:8      | Paralysed by fainting for 7 turns
  7707 | D:8      | Found Odeatonoid's Food Boutique.
  8261 | D:8      | Noticed a two-headed ogre
  8275 | D:8      | Killed a two-headed ogre
  8668 | D:9      | Reached ***** piety under Trog
  8840 | D:9      | Found a staircase to the Lair.
  8863 | D:9      | Noticed a two-headed ogre
  8939 | D:9      | Found a hide-covered altar of Uskayaw.
  9032 | D:9      | Found a snail-covered altar of Cheibriados.
  9034 | D:9      | Reached XP level 11. HP: 71/71 MP: 11/11
  9136 | D:9      | Killed a two-headed ogre
  9180 | D:9      | Received a gift from Trog
  9417 | D:10     | Entered Level 10 of the Dungeon
  9441 | D:10     | Reached skill level 10 in Fighting
  9459 | D:10     | Noticed Maurice
  9495 | D:10     | Killed Maurice
  9677 | D:10     | Reached skill level 10 in Armour
  9932 | D:10     | Found Fozasm's Distillery.
 10215 | Lair:1   | Entered Level 1 of the Lair of Beasts
 10438 | Lair:1   | Noticed a six-headed hydra
 10448 | Lair:1   | Killed an eight-headed hydra
 11206 | Lair:2   | Reached XP level 12. HP: 57/79 MP: 12/12
 11425 | Lair:2   | Got a glittering pewter ring
 11668 | Lair:2   | Found a dark tunnel.
 12058 | Lair:3   | Identified the ring "Uretzaot" {Ice -Tele rPois Dex+2
                  | Slay+2} (You found it on level 2 of the Lair of Beasts)
 12317 | Lair:3   | You fall through a shaft!
 12402 | Lair:4   | You fall through a shaft for 2 floors!
 12402 | Lair:6   | Entered Level 6 of the Lair of Beasts
 12405 | Lair:6   | Noticed an eight-headed hydra
 12417 | Lair:6   | Killed an 11-headed hydra
 12950 | Lair:6   | Reached skill level 10 in Axes
 13158 | Lair:6   | Noticed a six-headed hydra
 13165 | Lair:6   | Killed an eight-headed hydra
 13219 | Lair:6   | Received a gift from Trog
 13236 | Lair:6   | Got a fine battleaxe {god gift}
 13237 | Lair:6   | Identified the +4 battleaxe of Gargoyle's Foe {chop, rF+
                  | Dex+3} (Trog gifted it to you on level 6 of the Lair of
                  | Beasts)
 13241 | Lair:6   | Noticed a four-headed hydra
 13254 | Lair:6   | Killed an 11-headed hydra
 13254 | Lair:6   | Reached XP level 13. HP: 40/86 MP: 13/13
 13627 | Lair:6   | Found a burning altar of Makhleb.
 14225 | Lair:6   | Found a gateway to Hell.
 14240 | Hell     | Entered the Vestibule of Hell
 14240 | Hell     | Noticed Geryon
 14332 | Lair:5   | Found a staircase to the Slime Pits.
 14333 | Lair:5   | Found a viscous altar of Jiyva.
 15429 | Lair:4   | Found a hole to the Spider Nest.
 15524 | Lair:4   | Received a gift from Trog
 15524 | Lair:4   | Reached skill level 10 in Dodging
 15626 | Lair:4   | HP: 6/130 [tyrant leech (2)]
 15628 | Lair:4   | HP: 1/130 [tyrant leech (5)]
 15629 | Lair:4   | Slain by a swamp worm

Skill      XL: |  1  2  3  4  5  6  7  8  9 10 11 12 13 |
---------------+----------------------------------------+-----
Axes           | 3 4 5 6 8 9 10 11 | 11.0
Dodging        | 2 3 4 5 7 8 9 10 | 10.0
Armour         | 3 4 5 6 7 9 10 11 12 | 12.6
Fighting       | 4 5 6 8 9 10 12 | 12.8

Action                   |  1- 3 |  4- 6 |  7- 9 | 10-12 | 13-15 || total
-------------------------+-------+-------+-------+-------+-------++-------
Melee: Hand axe          |    99 |   162 |       |       |       ||   261
       War axe           |       |    63 |   328 |   738 |       ||  1129
       Battleaxe         |       |       |       |    10 |   233 ||   243
Invok: Berserk           |     1 |     3 |     6 |     7 |     5 ||    22
       Brothers in Arms  |       |       |     1 |     3 |     1 ||     5
       Trog's Hand       |       |       |       |     1 |       ||     1
  Use: Scroll            |       |       |       |    28 |     1 ||    29
       Potion            |       |       |       |     1 |     1 ||     2
 Stab: Sleeping          |     1 |       |       |       |       ||     1
  Eat: Chunk             |     3 |    12 |     7 |    32 |     8 ||    62
       Ration            |       |       |     3 |       |     1 ||     4
Armor: Animal skin       |    41 |    85 |   184 |       |       ||   310
       Chain mail        |       |       |     4 |   517 |       ||   521
       Plate armour      |       |       |       |   361 |   349 ||   710
Dodge: Dodged            |    80 |   148 |   300 |   676 |   261 ||  1465
